 Dungeon Crawl Stone Soup version 0.27-a0-1154-gfdeffcb720 (webtiles) character file.

Game seed: 17936421406717544794

526 HoaS the Cruncher (level 7, -15/40 HPs)
             Began as a Gargoyle Gladiator on May 14, 2021.
             Demolished by Duvessa
             ... wielding a +1 rapier of venom
              (20 damage)
             ... on level 4 of the Dungeon.
             The game lasted 00:06:11 (2918 turns).

HoaS the Cruncher (Gargoyle Gladiator)              Turns: 2918, Time: 00:06:12

Health: -15/40     AC: 11    Str: 20    XL:     7   Next: 23%
Magic:  0/7        EV: 11    Int:  8    God:
Gold:   130        SH:  0    Dex: 11    Spells: 6/6 levels left

rFire    . . .     SeeInvis .   a - +0 quarterstaff (elec)
rCold    . . .     Faith    .   (shield currently unavailable)
rNeg     + + .     Spirit   +   j - +0 ring mail
rPois    ∞         Reflect  .   c - +1 helmet
rElec    +         Harm     .   (no cloak)
rCorr    .         Rampage  .   (no gloves)
Will     .....                  (no boots)
Stlth    +.........             p - amulet of guardian spirit
HPRegen  0.13/turn              l - ring of positive energy
MPRegen  0.10/turn              (no ring)

@: no status effects
A: sickness immunity, AC +4, negative energy resistance 1, electricity
resistance, torment resistance 1, petrification resistance
a: no special abilities


You were on level 4 of the Dungeon.
You visited 1 branch of the dungeon, and saw 4 of its levels.

You collected 130 gold pieces.

Inventory:

Hand Weapons
 a - a +0 quarterstaff of electrocution (weapon)
Missiles
 d - a throwing net (quivered)
 f - 88 arrows
 i - 15 poisoned darts
Armour
 c - a +1 helmet (worn)
 j - a +0 ring mail (worn)
Jewellery
 l - a ring of positive energy (left hand)
 p - an amulet of guardian spirit (around neck)
Wands
 s - a wand of mindburst (17)
Potions
 b - a potion of might {unknown}
 e - 2 potions of attraction
 g - a potion of degeneration {unknown}
 h - 2 potions of cancellation
 k - a potion of heal wounds {unknown}
 m - a potion of mutation {unknown}
 n - a potion of brilliance {unknown}
 o - a potion of magic {unknown}
 q - a potion of curing
 r - a potion of flight {unknown}


   Skills:
 - Level 2.1 Fighting
 + Level 8.1 Staves
 - Level 1.7 Throwing
 - Level 2.4 Dodging


You had 6 spell levels left.
You didn't know any spells.
Your spell library contained the following spells:

 Spells                   Type           Power      Damage    Failure   Level
 Animate Skeleton         Necr           0%         N/A       58%         1
 Apportation              Tloc           0%         N/A       58%         1
 Corona                   Hex            0%         N/A       58%         1
 Summon Small Mammal      Summ           0%         N/A       58%         1


Dungeon Overview and Level Annotations

Branches:
Dungeon (4/15)
 Temple: D:4-7

Altars:

Annotations:
D:4 Duvessa


Innate Abilities, Weirdness & Mutations

You are immune to sickness and miasma.
Your stone body is resilient. (AC +4)
You are immune to poison.
You resist negative energy. (rN+)
You are resistant to electric shocks. (rElec)
You are resistant to unholy torment.
You are immune to petrification.


Message History

Dowan hits you but does no damage.
You thump Dowan!
You kill Dowan!
You hear a distant scream of rage.
Your Staves skill increases to level 8!
Duvessa, Sister of Dowan comes into view.
She is wielding a +1 rapier of venom and wearing a +3 leather armour of willpower.
Duvessa goes berserk!
Duvessa moves out of view.
Found a stone staircase leading down.
Things that are here:
a +0 dagger; a +0 robe; the elf corpse of Dowan Duvessa hits you with a +1 rapier of venom!
Found a dagger.
Okay, then.
You throw a throwing net. The throwing net barely misses Duvessa.
Duvessa hits you with a +1 rapier of venom.
You are too injured to fight recklessly!
Throw: 2 throwing nets
Press: ? - help, Shift-Dir - straight line, f/p - Duvessa
Aim: Duvessa, wielding a +1 rapier of venom and wearing a +3 leather armour of willpower (berserk, 60% to hit)
You throw a throwing net. The throwing net hits Duvessa.
Duvessa is caught in the net!
Duvessa struggles against the net.
You barely miss Duvessa.
Duvessa struggles against the net.
You hit Duvessa but do no damage. Lightning courses through Duvessa!
Duvessa is moderately wounded.
Duvessa struggles against the net.
The net rips apart, and Duvessa comes free!
Duvessa hits you with a +1 rapier of venom!
* * * LOW HITPOINT WARNING * * *
You hit Duvessa but do no damage.
Duvessa is moderately wounded.
Duvessa barely misses you.
You barely miss Duvessa.
Duvessa is moderately wounded.
Duvessa closely misses you. x2
You closely miss Duvessa.
Duvessa is moderately wounded.
Duvessa hits you with a +1 rapier of venom!!
Ouch! That really hurt!
You die...

.....##..........
#######..........
.................
########.........
##.#.#### #.#.#
#.# # #)#.####
#@e...(#
.....)....##.#
.....###..# ....
.... ... ..### ..
... . .>.. #...#


You could see Duvessa (berserk).

Vanquished Creatures
  Grinder (D:3)
  Dowan (D:4)
  3 hounds
  A jelly (D:3)
  Terence (D:3)
  3 adders
  5 gnolls
  2 worms
  2 dart slugs (D:3)
  5 endoplasms
  2 giant cockroaches
  7 goblins
  4 hobgoblins
  6 jackals (D:3)
  5 quokkas
  3 ball pythons
  6 bats
  4 kobolds
  8 rats
69 creatures vanquished.

Notes
Turn   | Place    | Note
-------+----------+-------------------------------------------
     0 | D:1      | HoaS the Gargoyle Gladiator began the quest for the Orb.
     0 | D:1      | Reached XP level 1. HP: 12/12 MP: 1/1
     6 | D:1      | Noticed a polar bear
     6 | D:1      | Noticed a seven-headed hydra
     7 | D:1      | Noticed an anaconda
   106 | D:1      | Reached XP level 2. HP: 17/17 MP: 2/2
   250 | D:1      | Found a faded altar of an unknown god.
   284 | D:1      | Reached skill level 4 in Staves
   386 | D:1      | Reached XP level 3. HP: 21/21 MP: 3/3
   825 | D:2      | Reached XP level 4. HP: 15/26 MP: 4/4
  1231 | D:2      | Reached skill level 5 in Staves
  1425 | D:3      | Reached XP level 5. HP: 30/30 MP: 5/5
  1441 | D:3      | Noticed Terence
  1451 | D:3      | HP: 1/30 [Terence/+2 morningstar of protection (12)]
  1452 | D:3      | Killed Terence
  2071 | D:3      | Reached skill level 6 in Staves
  2588 | D:3      | Noticed Grinder
  2597 | D:3      | Killed Grinder
  2598 | D:3      | Reached skill level 7 in Staves
  2598 | D:3      | Reached XP level 6. HP: 17/35 MP: 4/6
  2812 | D:3      | Reached XP level 7. HP: 32/40 MP: 5/7
  2897 | D:4      | Noticed Dowan
  2909 | D:4      | Killed Dowan
  2910 | D:4      | Reached skill level 8 in Staves
  2910 | D:4      | Noticed Duvessa
  2918 | D:4      | Demolished by Duvessa

Illustrated notes

Levels and vault maps discovered:
D:1:      onia_arrival_zoo_common, layout_loops_ring,
          hellmonk_ecumenical_altar_arch_garden, grunt_decor_mini_mirrors
D:2:      layout_rooms
D:3:      layout_basic, grunt_decor_arrowhead, grunt_ministairs_9,
          cheibrodos_gnoll_hut, uniq_terence, uniq_grinder
D:4:      layout_basic, nicolae_ossuary_entry_monument,
          corexii_item_surrounded_by_moat, uniq_duvessa

Skill      XL: |  1  2  3  4  5  6  7 |
---------------+----------------------+-----
Staves         | 4 5 7 8 |  8.1
Fighting       | |  2.1
Throwing       | |  1.7
Dodging        | |  2.4

Action                   |  1- 3 |  4- 6 |  7- 9 || total
-------------------------+-------+-------+-------++-------
Melee: Quarterstaff      |    66 |   117 |    22 ||   205
Throw: Dart              |       |     3 |       ||     3
       Throwing net      |       |       |     2 ||     2
  Use: Scroll            |     1 |     6 |       ||     7
 Stab: Sleeping          |     1 |       |       ||     1
Armor: Leather armour    |    16 |       |       ||    16
       Ring mail         |     7 |    76 |    10 ||    93
Dodge: Dodged            |    37 |    67 |     8 ||   112

Table legend: (Time is in decaauts)
 A = Elapsed time spent in this place.
 B = Non-inter-level travel time spent in this place.
 C = Inter-level travel time spent in this place.
 D = Time resting spent in this place.
 E = Time spent auto-exploring this place.
 F = Levels seen in this place.
 G = Mean time per level.
                   A        B        C        D        E       F      G
               +--------+--------+--------+--------+--------+-----+--------+
         Total |   2922 |   2801 |    121 |    627 |   1668 |   4 |  730.5 |
       Dungeon |   2922 |   2801 |    121 |    627 |   1668 |   4 |  730.5 |
               +--------+--------+--------+--------+--------+-----+--------+

Top non-repeatable levels by time:
     D:3: 1468 daAuts
     D:1: 714 daAuts
     D:2: 708 daAuts
     D:4: 31 daAuts
